 Dungeon Crawl Stone Soup version 0.21-a0-507-ga8f6b7a (webtiles) character file.

83 slep the Skirmisher (level 4, -5/36 HPs)
             Began as a Demonspawn Monk on Nov 28, 2017.
             Was a Believer of Okawaru.
             Killed from afar by an orc wizard (8 damage)
             ... with a magic dart
             ... on level 3 of the Dungeon.
             The game lasted 00:14:25 (2757 turns).

slep the Skirmisher (Demonspawn Monk)               Turns: 2757, Time: 00:14:32

Health: -5/36      AC:  5    Str: 11    XL:     4   Next: 22%
Magic:  4/4        EV: 14    Int: 12    God:    Okawaru [**....]
Gold:   60         SH:  0    Dex: 16    Spells: 3/3 levels left

rFire    + . .     SeeInvis .   a - +0 spear
rCold    . . .     Gourm    .   (no shield)
rNeg     . . .     Faith    .   e - +0 ring mail {rF+}
rPois    .         Spirit   .   (no helmet)
rElec    .         Reflect  .   (no cloak)
rCorr    .         Harm     .   (no gloves)
MR       .....                  (no boots)
Stlth    +.........             (no amulet)
HPRegen  0.12/turn              (no ring)
MPRegen  0.09/turn              (no ring)

@: slowed, very slow
A: repulsion field 1, powered by pain 1
a: Heroism, Renounce Religion


You were on level 3 of the Dungeon.
You worshipped Okawaru.
Okawaru was pleased with you.
You were not hungry.

You visited 1 branch of the dungeon, and saw 3 of its levels.

You collected 60 gold pieces.

Inventory:

Hand Weapons
 a - a +0 spear (weapon)
 j - a +2 war axe of venom
Missiles
 c - 2 needles of paralysis
Armour
 b - a +0 robe
 e - a +0 ring mail of fire resistance (worn)
Jewellery
 k - an uncursed ring of ice
Scrolls
 d - a scroll of remove curse {unknown}
 f - a scroll of identify {unknown}
 g - a scroll of blinking {unknown}
 h - 2 scrolls of teleportation
 q - a scroll of noise {unknown}
Potions
 i - a potion of flight
Comestibles
 l - 10 chunks of flesh
 n - a royal jelly


   Skills:
 + Level 3.6 Fighting
 + Level 3.4 Polearms
 + Level 1.0 Armour
 + Level 3.1 Dodging
 + Level 2.1 Stealth


You had 3 spell levels left.
You didn't know any spells.

Dungeon Overview and Level Annotations

Branches:
Dungeon (3/15)

Altars:
Fedhas
Okawaru

Annotations:
D:2 exclusion: oklob plant
D:3 THUG4L1F3's ghost, amateur DsGl


Innate Abilities, Weirdness & Mutations

You are surrounded by a mild repulsion field. (EV +2)
You sometimes gain a little power by taking damage.


Message History

The orc wizard hits you but does no damage.
You hit the orc wizard but do no damage.
The orc wizard is moderately wounded.
You hit the orc wizard.
The orc wizard is heavily wounded.
The orc hits you with a hand axe.
The orc wizard hits you but does no damage.
You closely miss the orc wizard.
The orc wizard is heavily wounded.
The orc wizard closely misses you. The orc hits you with a hand axe.
* * * LOW HITPOINT WARNING * * *
Unknown command.
You hit the orc wizard.
The orc wizard is almost dead.
The orc wizard points at you and mumbles some strange words.
You feel yourself slow down. The orc hits you with a hand axe.
* * * LOW HITPOINT WARNING * * *
The orc wizard gestures at you while chanting.
The magic dart hits you!
You die...

#.#### #.# #.# #.#
#.#####.# #.# #.#.....#
#.# #.#.########### #.#
#.#.........÷..
#.########.#############
#..†............#
##########.####.#
#@oo...# #o##†...#
#.........# ......#.###
.......#.# #######.# #
.# ..


P You could see an orc wizard and 2 orcs.

Vanquished Creatures
  An ooze (D:2)
  A worm (D:2)
  3 leopard geckos (D:2)
  4 orcs
  7 bats
  2 giant cockroaches
  9 goblins
  5 hobgoblins
  7 jackals (D:2)
  9 kobolds
  2 quokkas (D:2)
  5 frilled lizards
  4 rats
59 creatures vanquished.

Vanquished Creatures (others)
  3 plants (D:3)
3 creatures vanquished.

Grand Total: 62 creatures vanquished

Notes
Turn   | Place    | Note
-------+----------+-------------------------------------------
     0 | D:1      | slep the Demonspawn Monk began the quest for the Orb.
     0 | D:1      | Reached XP level 1. HP: 18/18 MP: 1/1
   288 | D:1      | Gained mutation: You are surrounded by a mild repulsion field. (EV +2) [demonic ancestry]
   288 | D:1      | Reached XP level 2. HP: 24/24 MP: 2/2
   862 | D:2      | Reached XP level 3. HP: 12/29 MP: 3/3
  1255 | D:2      | Found a blossoming altar of Fedhas.
  1274 | D:2      | Noticed an oklob plant
  1455 | D:2      | Reached skill level 1 in Armour
  2028 | D:3      | Gained mutation: You sometimes gain a little power by taking damage. [demonic ancestry]
  2028 | D:3      | Reached XP level 4. HP: 18/35 MP: 4/4
  2031 | D:3      | Found an iron altar of Okawaru.
  2035 | D:3      | Noticed THUG4L1F3's ghost (amateur DsGl)
  2039 | D:3      | Became a worshipper of Warmaster Okawaru
  2039 | D:3      | Reached * piety under Okawaru
  2039 | D:3      | Reached ** piety under Okawaru
  2069 | D:3      | HP: 1/35 [THUG4L1F3's ghost (4)]
  2662 | D:3      | Found a faded altar of an unknown god.
  2757 | D:3      | Killed from afar by an orc wizard

Vault maps used:
D:1:      lightli_arrival_noodles
D:2:      tgw_fedhas
D:3:      lemuel_upstairs_altar, chequers_ecumenical_altar_twisty, serial_bayou,
          serial_bayou_lagoon_a, serial_bayou_crossing, serial_bayou_pond_a,
          serial_bayou_shore_a, okawaru_gym_becter

Skill      XL: |  1  2  3 |
---------------+----------+-----
Polearms       | 3 |  3.4
Dodging        | 3 |  3.1
Armour         | 1 |  1.0
Stealth        | 2 |  2.1
Fighting       | |  3.6

Action                   |  1- 3 |  4- 6 || total
-------------------------+-------+-------++-------
Melee: Spear             |   225 |    71 ||   296
  Use: Potion            |     6 |     1 ||     7
       Scroll            |       |     1 ||     1
 Stab: Sleeping          |     9 |       ||     9
  Eat: Chunk             |     2 |       ||     2
       Bread ration      |       |     1 ||     1
Armor: Ring mail         |    57 |    15 ||    72
Dodge: Dodged            |   141 |    43 ||   184

Table legend:
 A = Spawn XP
 B = Non-spawn XP
 C = Spawn XP percentage of total XP
 D = Spawn monster count
 E = Non-spawn monster count
 F = Spawn count percentage of total count
 G = Total turns spent on level
                    A         B        C        D         E        F      G
               +---------+---------+-------+---------+---------+-------+---------
         Total |       0 |     119 |   0.0 |       0 |      59 |   0.0 |  2757
               +---------+---------+-------+---------+---------+-------+---------
           D:1 |       0 |      23 |   0.0 |       0 |      14 |   0.0 |   722
           D:2 |       0 |      80 |   0.0 |       0 |      37 |   0.0 |  1553
           D:3 |       0 |      16 |   0.0 |       0 |       8 |   0.0 |   482
               +---------+---------+-------+---------+---------+-------+---------
